Map: Ulrena

Players

MrTea

  • Race: Zerg Zerg
  • League: Diamond

kel - Winner!

  • Race: Zerg Zerg
  • League: Master

Event: Gauntlet LotV Series 1 Qualifier 1

VOD

Have the link to the VOD?

Description

Time

  • Played on: Nov. 22, 2015, 3:24 p.m.
  • Length: 6:38

All games in this series

Show
View Real Time Build Order
Export as new Build Order

MrTea Zerg 

Build Orders: Pool First 

Get SALT Encoding   

  12  0:02  Drone  
  13  0:11  Extractor  
  12  0:24  Spawning Pool  
  11  0:29  Drone  
  12  0:37  Drone  
  12  0:40  Drone  
  14  0:53  Overlord  
  14  1:11  Metabolic Boost  
  14  1:14  Zergling x4  
  14  1:17  Zergling x2  
  17  1:32  Drone  
  18  1:42  Zergling x2  
  19  1:49  Baneling Nest  
  19  1:50  Drone  
  19  1:58  Queen  
  19  2:00  Drone  
  20  2:29  Drone  
  21  2:36  Overlord  
  21  2:40  Hatchery  
  21  2:43  Zergling x2  
  21  2:45  Zergling x2  
  22  2:54  Zergling x2  
  23  3:03  Zergling x2  
  24  3:09  Roach Warren  
  24  3:10  Drone  
  24  3:11  Drone  
  25  3:16  Drone  
  26  3:24  Drone  
  26  3:26  Extractor  
  26  3:29  Baneling  
  26  3:30  Baneling  
  25  3:43  Drone x2  
  25  3:52  Drone x3  
  30  4:05  Overlord  
  30  4:18  Overlord  
  30  4:21  Roach  
  30  4:22  Roach  
  34  4:26  Roach  
  38  4:31  Roach  
  38  4:36  Roach x3  
  42  4:40  Roach  
  42  4:44  Roach  
  46  4:48  Roach  
  46  4:52  Roach  
  50  4:59  Overlord  
  50  5:02  Overlord  
  50  5:18  Baneling  
  50  5:22  Zergling x2  
  50  5:26  Zergling x2  
  50  5:27  Zergling x2  
  50  5:28  Zergling x6  
  53  5:33  Zergling x4  
  55  5:55  Zergling x6  
  55  5:56  Zergling x4  
  39  6:15  Zergling x6  
  39  6:20  Zergling x2  
Show
View Real Time Build Order
Export as new Build Order

kel Zerg - Winner!

Build Orders: Hatch First 

Get SALT Encoding   

  12  0:00  Drone  
  13  0:14  Overlord  
  13  0:17  Drone  
  14  0:22  Extractor  
  14  0:23  Drone  
  15  0:33  Drone  
  16  0:39  Drone  
  17  0:55  Hatchery  
  16  1:14  Drone, Spawning Pool  
  16  1:21  Drone  
  16  1:22  Drone  
  18  1:34  Drone  
  19  1:40  Overlord  
  19  2:02  Zergling x4  
  19  2:03  Queen  
  19  2:04  Spine Crawler  
  19  2:08  Zergling x2  
  23  2:20  Zergling x4  
  24  2:31  Zergling x2  
  25  2:49  Spine Crawler  
  24  2:52  Queen  
  26  3:02  Drone x3  
  29  3:11  Drone x3  
  32  3:20  Queen  
  34  3:38  Drone x2  
  36  3:47  Extractor  
  36  3:48  Roach Warren  
  33  3:50  Extractor  
  32  3:57  Drone x3  
  32  3:59  Overlord  
  35  4:25  Drone  
  35  4:26  Drone x6  
  42  4:31  Evolution Chamber  
  42  4:34  Drone, Overlord  
  42  4:40  Drone, Extractor  
  42  4:41  Drone  
  42  4:44  Lair  
  43  4:51  Overlord  
  43  4:58  Drone x2  
  43  4:59  Drone x2  
  47  5:11  Drone x5  
  52  5:19  Roach x3  
  57  5:22  Overlord  
  57  5:27  Extractor  
  52  5:29  Roach  
  52  5:33  Roach  
  56  5:37  Roach  
  59  5:48  Roach x2  
  58  5:56  Roach x3  
  53  6:06  Roach x5  
Tags
 
Add a new tag
Caveats
  • Supply blocks, unpowered buildings, or Contaminate may cause inaccurate times.
  • Supply counts are checked every 10 seconds.